2937 views
Uploaded 2020-02-16 23:51:27
Game version 1.32 / 1.32.1
32:06 long 3on3 ladder game on (8)Battleground_LV
Saved by BEARAND
2937 views
Uploaded 2020-02-16 23:51:27
Game version 1.32 / 1.32.1
32:06 long 3on3 ladder game on (8)Battleground_LV


86 units @ 7.5k
/ 0.2k
245 buildings @ 21.7k
/ 9.8k


| Healing Salve | 4 | 400 |
| Lesser Clarity Potion | 9 | 630 |
| Potion of Mana | 1 | 200 |
| Boots of Speed | 2 | 500 |
| Staff of Teleportation | 2 | 300 |
| Orb of Corruption | 2 | 750 |
| total: | 20 | 2780g |
| Peon | 28 | 2100 | / | 0 |
| Troll Batrider | 3 | 480 | / | 120 |
| total: | 31 | 2580g | / | 120w |
| Watch Tower | 37 | 4070 | / | 2960 |
| Altar of Storms | 3 | 540 | / | 150 |
| Orc Burrow | 6 | 960 | / | 240 |
| War Mill | 4 | 820 | / | 0 |
| Voodoo Lounge | 3 | 390 | / | 90 |
| Great Hall | 2 | 770 | / | 370 |
| Beastiary | 3 | 435 | / | 420 |
| Spirit Lodge | 1 | 150 | / | 150 |
| Stronghold | 3 | 945 | / | 570 |
| Fortress | 2 | 650 | / | 380 |
| total: | 59 | 8135g | / | 4380w |
| 0:02 | Peon |
| 0:02 | Peon |
| 0:11 | Altar of Storms |
| 0:25 | Orc Burrow |
| 0:35 | War Mill |
| 0:44 | Peon |
| 0:54 | Peon |
| 1:14 | Voodoo Lounge |
| 1:18 | Peon |
| 1:37 | Peon |
| 1:45 | Peon |
| 1:55 | Watch Tower |
| 1:58 | Peon |
| 2:09 | Peon |
| 2:11 | Peon |
| 2:17 | Shockwave |
| 2:24 | Healing Salve |
| 2:26 | Lesser Clarity Potion |
| 2:31 | Watch Tower |
| 2:43 | Peon |
| 3:00 | Watch Tower |
| 3:15 | Watch Tower |
| 3:23 | Watch Tower |
| 3:47 | Stronghold |
| 3:49 | Lesser Clarity Potion |
| 4:09 | Orc Burrow |
| 4:34 | Watch Tower |
| 4:47 | Orc Burrow |
| 4:52 | Watch Tower |
| 5:49 | Boots of Speed |
| 6:02 | Watch Tower |
| 6:10 | Breath of Fire |
| 6:52 | Watch Tower |
| 7:02 | Beastiary |
| 7:12 | Watch Tower |
| 7:13 | Watch Tower |
| 7:32 | Lesser Clarity Potion |
| 7:34 | Lesser Clarity Potion |
| 8:11 | Troll Batrider |
| 8:12 | Troll Batrider |
| 8:19 | Endurance Aura |
| 8:30 | Watch Tower |
| 8:30 | Watch Tower |
| 8:31 | Watch Tower |
| 8:31 | Watch Tower |
| 9:02 | Troll Batrider |
| 9:24 | Voodoo Lounge |
| 9:27 | Voodoo Lounge |
| 10:10 | Watch Tower |
| 10:19 | Fortress |
| 10:35 | Boots of Speed |
| 10:43 | Staff of Teleportation |
| 12:59 | Watch Tower |
| 13:12 | Watch Tower |
| 13:13 | Watch Tower |
| 13:22 | Peon |
| 13:22 | Peon |
| 13:22 | Peon |
| 13:26 | Orc Burrow |
| 13:31 | Healing Salve |
| 13:31 | Lesser Clarity Potion |
| 13:37 | Peon |
| 14:53 | Orc Burrow |
| 15:00 | Great Hall |
| 15:24 | War Mill |
| 15:29 | War Mill |
| 16:32 | Shockwave |
| 16:48 | Watch Tower |
| 16:49 | Watch Tower |
| 16:49 | Watch Tower |
| 17:15 | Orc Burrow |
| 17:49 | Peon |
| 18:01 | Altar of Storms |
| 18:03 | Altar of Storms |
| 18:10 | Peon |
| 18:30 | Lesser Clarity Potion |
| 18:41 | Watch Tower |
| 18:42 | Watch Tower |
| 18:42 | Watch Tower |
| 18:43 | Peon |
| 19:31 | Peon |
| 19:31 | Peon |
| 19:35 | Potion of Mana |
| 20:06 | Staff of Teleportation |
| 21:02 | Drunken Brawler |
| 21:03 | Endurance Aura |
| 21:24 | Watch Tower |
| 21:25 | Watch Tower |
| 21:25 | Watch Tower |
| 21:53 | Peon |
| 21:53 | Peon |
| 21:53 | Peon |
| 22:34 | Lesser Clarity Potion |
| 22:36 | Lesser Clarity Potion |
| 22:44 | Watch Tower |
| 22:50 | Peon |
| 22:51 | Peon |
| 23:37 | Stronghold |
| 23:42 | Watch Tower |
| 24:02 | Healing Salve |
| 24:13 | Great Hall |
| 24:45 | Breath of Fire |
| 24:55 | Orb of Corruption |
| 24:55 | Orb of Corruption |
| 25:09 | Watch Tower |
| 25:51 | Watch Tower |
| 26:01 | Fortress |
| 26:08 | Healing Salve |
| 26:17 | Watch Tower |
| 26:21 | Lesser Clarity Potion |
| 26:53 | Watch Tower |
| 26:54 | Peon |
| 26:54 | Peon |
| 26:55 | Peon |
| 28:42 | Watch Tower |
| 28:42 | Watch Tower |
| 28:42 | Watch Tower |
| 29:16 | Shockwave |
| 30:27 | Stronghold |
| 30:34 | Spirit Lodge |
| 30:34 | Beastiary |
| 30:35 | Beastiary |
| 30:39 | War Mill |
| 32:08 | Drunken Brawler |
| Right click | 3295 |
| Select | 917 |
| Select group | 279 |
| Chat | 170 |
| Build/train/purchase | 150 |
| Use ability | 100 |
| Minimap ping | 13 |
| Assign group | 9 |
| Misc. action | 3 |
| Item give/drop | 2 |
| Remove unit | 1 |



| Orb of Corruption | 3 | 1125 |
| Boots of Speed | 3 | 750 |
| Staff of Teleportation | 3 | 450 |
| Circlet of Nobility | 2 | 350 |
| Staff of Sanctuary | 3 | 750 |
| total: | 14 | 3425g |
| Acolyte | 13 | 975 | / | 0 |
| Ghoul | 7 | 840 | / | 0 |
| Obsidian Statue | 3 | 600 | / | 105 |
| total: | 23 | 2415g | / | 105w |
| Nerubian Tower | 1 | 100 | / | 20 |
| Spirit Tower | 13 | 1885 | / | 520 |
| Crypt | 1 | 200 | / | 50 |
| Altar of Darkness | 1 | 180 | / | 50 |
| Ziggurat | 27 | 4050 | / | 1350 |
| Graveyard | 1 | 215 | / | 0 |
| Tomb of Relics | 2 | 260 | / | 60 |
| Necropolis | 8 | 1800 | / | 0 |
| Slaughterhouse | 1 | 140 | / | 135 |
| Halls of the Dead | 4 | 1280 | / | 840 |
| Black Citadel | 1 | 325 | / | 230 |
| total: | 41 | 6845g | / | 1645w |
| 0:03 | Acolyte |
| 0:03 | Acolyte |
| 0:11 | Crypt |
| 0:13 | Altar of Darkness |
| 0:40 | Ziggurat |
| 1:12 | Ziggurat |
| 1:17 | Ghoul |
| 1:34 | Ghoul |
| 1:48 | Graveyard |
| 1:56 | Nerubian Tower |
| 2:08 | Ghoul |
| 2:21 | Ghoul |
| 2:33 | Death Coil |
| 2:35 | Ghoul |
| 2:49 | Ghoul |
| 3:26 | Ghoul |
| 3:28 | Spirit Tower |
| 3:50 | Unholy Aura |
| 4:19 | Boots of Speed |
| 4:19 | Staff of Teleportation |
| 4:35 | Halls of the Dead |
| 5:15 | Tomb of Relics |
| 5:17 | Ziggurat |
| 6:17 | Death Coil |
| 6:21 | Spirit Tower |
| 7:28 | Black Citadel |
| 8:01 | Necropolis |
| 8:09 | Frost Nova |
| 9:19 | Slaughterhouse |
| 9:22 | Ziggurat |
| 9:23 | Ziggurat |
| 9:35 | Tomb of Relics |
| 9:49 | Orb of Corruption |
| 9:57 | Acolyte |
| 10:21 | Acolyte |
| 10:21 | Acolyte |
| 10:22 | Acolyte |
| 10:22 | Acolyte |
| 10:24 | Ziggurat |
| 10:26 | Ziggurat |
| 10:27 | Ziggurat |
| 10:29 | Ziggurat |
| 11:42 | Spirit Tower |
| 12:16 | Staff of Teleportation |
| 12:16 | Boots of Speed |
| 12:41 | Obsidian Statue |
| 12:42 | Obsidian Statue |
| 12:48 | Orb of Corruption |
| 12:54 | Ziggurat |
| 13:41 | Ziggurat |
| 13:43 | Ziggurat |
| 13:45 | Halls of the Dead |
| 14:22 | Spirit Tower |
| 14:49 | Impale |
| 14:53 | Spirit Tower |
| 15:00 | Ziggurat |
| 15:01 | Ziggurat |
| 15:02 | Ziggurat |
| 15:05 | Orb of Corruption |
| 15:28 | Circlet of Nobility |
| 15:29 | Staff of Teleportation |
| 15:29 | Boots of Speed |
| 15:46 | Unholy Aura |
| 16:00 | Frost Armor |
| 17:04 | Frost Nova |
| 17:33 | Necropolis |
| 17:41 | Spirit Tower |
| 17:45 | Spirit Tower |
| 18:00 | Ziggurat |
| 18:19 | Acolyte |
| 18:30 | Spiked Carapace |
| 18:43 | Ziggurat |
| 18:46 | Ziggurat |
| 18:47 | Ziggurat |
| 19:08 | Circlet of Nobility |
| 19:40 | Staff of Sanctuary |
| 19:41 | Staff of Sanctuary |
| 19:47 | Spirit Tower |
| 19:49 | Acolyte |
| 19:50 | Acolyte |
| 19:50 | Acolyte |
| 19:50 | Acolyte |
| 19:52 | Ziggurat |
| 19:54 | Ziggurat |
| 20:59 | Spirit Tower |
| 21:00 | Halls of the Dead |
| 21:08 | Frost Armor |
| 21:09 | Death Coil |
| 21:31 | Ziggurat |
| 21:32 | Ziggurat |
| 21:33 | Ziggurat |
| 21:46 | Ziggurat |
| 21:48 | Ziggurat |
| 21:55 | Ziggurat |
| 22:03 | Necropolis |
| 22:28 | Spirit Tower |
| 22:29 | Spirit Tower |
| 22:53 | Spirit Tower |
| 22:58 | Spirit Tower |
| 23:07 | Necropolis |
| 24:00 | Staff of Sanctuary |
| 24:15 | Necropolis |
| 26:07 | Destroyer Form |
| 26:29 | Obsidian Statue |
| 27:16 | Impale |
| 28:43 | Frost Nova |
| 29:00 | Necropolis |
| 29:05 | Necropolis |
| 29:09 | Necropolis |
| 29:39 | Unholy Aura |
| 30:51 | Halls of the Dead |
| 31:15 | Acolyte |
| 31:28 | Creature Carapace |
| 32:09 | Spiked Carapace |
| Right click | 2152 |
| Select group | 1889 |
| Select | 280 |
| Chat | 178 |
| Use ability | 115 |
| Build/train/purchase | 114 |
| Misc. action | 89 |
| Resource trade | 53 |
| Assign group | 20 |
| Minimap ping | 13 |
| Item give/drop | 10 |
| Esc | 1 |



| Lesser Clarity Potion | 2 | 140 |
| Potion of Healing | 4 | 600 |
| Staff of Sanctuary | 3 | 750 |
| Boots of Speed | 3 | 750 |
| Staff of Teleportation | 3 | 450 |
| Circlet of Nobility | 2 | 350 |
| Healing Salve | 6 | 600 |
| total: | 23 | 3640g |
| Peasant | 31 | 2325 | / | 0 |
| Priest | 1 | 135 | / | 10 |
| total: | 32 | 2460g | / | 10w |
| Scout Tower | 130 | 3900 | / | 2600 |
| Arcane Tower | 7 | 490 | / | 350 |
| Guard Tower | 48 | 3360 | / | 2400 |
| Altar of Kings | 1 | 180 | / | 50 |
| Lumber Mill | 3 | 360 | / | 0 |
| Farm | 3 | 240 | / | 60 |
| Town Hall | 4 | 1540 | / | 820 |
| Arcane Vault | 3 | 390 | / | 90 |
| Arcane Sanctum | 1 | 150 | / | 140 |
| Keep | 1 | 320 | / | 210 |
| Castle | 1 | 360 | / | 210 |
| total: | 145 | 6760g | / | 3760w |
| 0:01 | Peasant |
| 0:03 | Altar of Kings |
| 0:10 | Peasant |
| 0:18 | Peasant |
| 0:26 | Lumber Mill |
| 0:28 | Peasant |
| 0:33 | Peasant |
| 0:38 | Farm |
| 0:44 | Peasant |
| 0:55 | Peasant |
| 1:08 | Farm |
| 1:32 | Scout Tower |
| 1:33 | Peasant |
| 1:45 | Peasant |
| 1:58 | Peasant |
| 1:59 | Arcane Tower |
| 2:00 | Scout Tower |
| 2:14 | Blizzard |
| 2:22 | Peasant |
| 2:29 | Guard Tower |
| 2:30 | Scout Tower |
| 2:36 | Peasant |
| 2:42 | Improved Masonry |
| 3:01 | Peasant |
| 3:11 | Guard Tower |
| 3:11 | Scout Tower |
| 3:17 | Peasant |
| 3:20 | Brilliance Aura |
| 3:30 | Peasant |
| 3:42 | Town Hall |
| 3:45 | Guard Tower |
| 3:47 | Scout Tower |
| 3:52 | Scout Tower |
| 3:58 | Healing Salve |
| 3:58 | Healing Salve |
| 3:59 | Lesser Clarity Potion |
| 4:04 | Scout Tower |
| 4:04 | Scout Tower |
| 4:05 | Peasant |
| 4:06 | Peasant |
| 4:14 | Guard Tower |
| 4:15 | Scout Tower |
| 4:19 | Guard Tower |
| 4:20 | Scout Tower |
| 4:22 | Scout Tower |
| 4:30 | Scout Tower |
| 4:33 | Arcane Tower |
| 4:56 | Arcane Tower |
| 4:57 | Scout Tower |
| 4:58 | Scout Tower |
| 5:10 | Guard Tower |
| 5:11 | Scout Tower |
| 5:27 | Scout Tower |
| 5:28 | Scout Tower |
| 5:40 | Boots of Speed |
| 5:42 | Staff of Teleportation |
| 5:51 | Guard Tower |
| 5:52 | Scout Tower |
| 5:53 | Scout Tower |
| 5:55 | Peasant |
| 6:21 | Guard Tower |
| 6:23 | Scout Tower |
| 6:23 | Scout Tower |
| 6:36 | Keep |
| 6:38 | Guard Tower |
| 6:45 | Scout Tower |
| 6:46 | Scout Tower |
| 6:50 | Guard Tower |
| 6:51 | Scout Tower |
| 6:51 | Scout Tower |
| 6:53 | Peasant |
| 7:05 | Guard Tower |
| 7:33 | Guard Tower |
| 7:36 | Guard Tower |
| 7:37 | Peasant |
| 7:37 | Peasant |
| 7:41 | Guard Tower |
| 7:59 | Guard Tower |
| 8:04 | Scout Tower |
| 8:05 | Scout Tower |
| 8:06 | Scout Tower |
| 8:23 | Blizzard |
| 8:31 | Scout Tower |
| 8:31 | Scout Tower |
| 8:48 | Scout Tower |
| 8:49 | Scout Tower |
| 8:49 | Scout Tower |
| 9:10 | Guard Tower |
| 9:14 | Scout Tower |
| 9:15 | Scout Tower |
| 9:27 | Guard Tower |
| 9:30 | Scout Tower |
| 9:30 | Scout Tower |
| 9:43 | Advanced Masonry |
| 9:44 | Improved Lumber Harvesting |
| 10:14 | Guard Tower |
| 10:15 | Scout Tower |
| 10:38 | Storm Bolt |
| 10:44 | Guard Tower |
| 10:47 | Scout Tower |
| 10:48 | Scout Tower |
| 11:09 | Potion of Healing |
| 11:15 | Boots of Speed |
| 11:20 | Healing Salve |
| 11:37 | Potion of Healing |
| 11:43 | Brilliance Aura |
| 12:03 | Potion of Healing |
| 12:52 | Guard Tower |
| 12:54 | Scout Tower |
| 12:55 | Scout Tower |
| 12:57 | Scout Tower |
| 12:58 | Scout Tower |
| 12:59 | Scout Tower |
| 13:01 | Castle |
| 13:04 | Arcane Sanctum |
| 13:07 | Staff of Teleportation |
| 13:10 | Circlet of Nobility |
| 13:22 | Scout Tower |
| 13:23 | Scout Tower |
| 13:37 | Potion of Healing |
| 13:40 | Guard Tower |
| 13:41 | Scout Tower |
| 13:42 | Scout Tower |
| 13:44 | Healing Salve |
| 14:02 | Guard Tower |
| 14:07 | Guard Tower |
| 14:11 | Peasant |
| 14:11 | Peasant |
| 14:20 | Arcane Vault |
| 14:21 | Magic Sentry |
| 14:23 | Arcane Vault |
| 14:24 | Healing Salve |
| 14:28 | Lesser Clarity Potion |
| 14:31 | Guard Tower |
| 14:42 | Town Hall |
| 14:46 | Scout Tower |
| 14:47 | Scout Tower |
| 14:47 | Scout Tower |
| 14:48 | Scout Tower |
| 14:50 | Scout Tower |
| 14:51 | Scout Tower |
| 14:51 | Scout Tower |
| 14:52 | Scout Tower |
| 14:53 | Guard Tower |
| 14:57 | Scout Tower |
| 14:57 | Scout Tower |
| 14:58 | Scout Tower |
| 14:58 | Scout Tower |
| 15:05 | Priest Adept Training |
| 15:05 | Priest |
| 15:15 | Arcane Tower |
| 15:41 | Bash |
| 16:00 | Healing Salve |
| 16:11 | Staff of Sanctuary |
| 16:31 | Imbued Masonry |
| 16:58 | Holy Light |
| 17:07 | Town Hall |
| 17:09 | Guard Tower |
| 17:23 | Scout Tower |
| 17:23 | Scout Tower |
| 17:24 | Scout Tower |
| 17:24 | Scout Tower |
| 17:25 | Scout Tower |
| 17:25 | Scout Tower |
| 17:29 | Peasant |
| 17:29 | Peasant |
| 17:37 | Boots of Speed |
| 17:37 | Staff of Teleportation |
| 17:37 | Circlet of Nobility |
| 17:55 | Guard Tower |
| 17:58 | Scout Tower |
| 17:59 | Scout Tower |
| 18:00 | Scout Tower |
| 18:00 | Scout Tower |
| 18:01 | Scout Tower |
| 18:01 | Scout Tower |
| 18:02 | Scout Tower |
| 18:11 | Scout Tower |
| 18:11 | Scout Tower |
| 18:39 | Brilliance Aura |
| 19:18 | Storm Bolt |
| 19:25 | Guard Tower |
| 19:29 | Scout Tower |
| 19:29 | Scout Tower |
| 19:30 | Scout Tower |
| 19:30 | Scout Tower |
| 19:31 | Scout Tower |
| 19:33 | Peasant |
| 19:33 | Peasant |
| 19:33 | Peasant |
| 19:37 | Arcane Tower |
| 19:43 | Scout Tower |
| 19:44 | Scout Tower |
| 19:44 | Scout Tower |
| 19:45 | Scout Tower |
| 19:45 | Scout Tower |
| 19:46 | Scout Tower |
| 20:00 | Guard Tower |
| 20:32 | Divine Shield |
| 21:02 | Guard Tower |
| 21:13 | Farm |
| 21:20 | Town Hall |
| 21:25 | Scout Tower |
| 21:25 | Scout Tower |
| 21:26 | Scout Tower |
| 21:26 | Scout Tower |
| 21:27 | Scout Tower |
| 21:27 | Scout Tower |
| 21:28 | Scout Tower |
| 21:29 | Scout Tower |
| 21:38 | Scout Tower |
| 21:38 | Scout Tower |
| 21:53 | Guard Tower |
| 21:58 | Staff of Sanctuary |
| 22:14 | Peasant |
| 22:14 | Peasant |
| 22:16 | Guard Tower |
| 22:21 | Scout Tower |
| 22:22 | Scout Tower |
| 22:24 | Peasant |
| 22:39 | Guard Tower |
| 22:53 | Guard Tower |
| 22:57 | Arcane Vault |
| 22:58 | Scout Tower |
| 22:58 | Scout Tower |
| 22:59 | Scout Tower |
| 23:14 | Guard Tower |
| 23:16 | Scout Tower |
| 23:17 | Scout Tower |
| 23:17 | Scout Tower |
| 23:18 | Scout Tower |
| 23:50 | Guard Tower |
| 24:11 | Guard Tower |
| 24:12 | Scout Tower |
| 24:14 | Scout Tower |
| 24:26 | Staff of Sanctuary |
| 24:43 | Guard Tower |
| 25:52 | Guard Tower |
| 25:53 | Scout Tower |
| 25:54 | Scout Tower |
| 25:58 | Guard Tower |
| 25:59 | Scout Tower |
| 26:00 | Scout Tower |
| 26:48 | Guard Tower |
| 26:52 | Arcane Tower |
| 26:53 | Arcane Tower |
| 26:57 | Scout Tower |
| 26:58 | Scout Tower |
| 27:08 | Bash |
| 27:29 | Holy Light |
| 28:00 | Guard Tower |
| 28:01 | Scout Tower |
| 28:02 | Scout Tower |
| 28:17 | Blizzard |
| 28:59 | Guard Tower |
| 29:05 | Scout Tower |
| 29:05 | Scout Tower |
| 29:06 | Scout Tower |
| 29:06 | Scout Tower |
| 29:49 | Scout Tower |
| 29:51 | Scout Tower |
| 29:57 | Lumber Mill |
| 30:00 | Lumber Mill |
| 30:02 | Scout Tower |
| 30:02 | Scout Tower |
| 30:07 | Scout Tower |
| 30:33 | Guard Tower |
| 30:34 | Scout Tower |
| 30:35 | Scout Tower |
| 31:01 | Guard Tower |
| 31:03 | Scout Tower |
| 31:41 | Guard Tower |
| 31:42 | Scout Tower |
| 31:56 | Divine Shield |
| 32:07 | Guard Tower |
| 32:08 | Scout Tower |
| 32:12 | Storm Bolt |
| Right click | 2135 |
| Select group | 1317 |
| Assign group | 589 |
| Select | 461 |
| Chat | 241 |
| Build/train/purchase | 189 |
| Use ability | 160 |
| Misc. action | 33 |
| Resource trade | 16 |
| Item give/drop | 8 |
| Minimap ping | 3 |
| Remove unit | 1 |
207 units @ 28.7k
/ 4.9k
73 buildings @ 10.6k
/ 4.9k

| Scroll of Regeneration | 2 | 200 |
| Lesser Clarity Potion | 2 | 140 |
| Potion of Mana | 1 | 200 |
| Potion of Healing | 1 | 150 |
| Scroll of Town Portal | 1 | 350 |
| total: | 7 | 1040g |
| Peasant | 13 | 975 | / | 0 |
| Footman | 3 | 405 | / | 0 |
| Rifleman | 35 | 7175 | / | 1050 |
| Siege Engine | 8 | 1560 | / | 480 |
| Mortar Team | 6 | 1080 | / | 420 |
| Priest | 3 | 405 | / | 30 |
| Sorceress | 2 | 310 | / | 40 |
| total: | 70 | 11910g | / | 2020w |
| Scout Tower | 6 | 180 | / | 120 |
| Arcane Tower | 1 | 70 | / | 50 |
| Guard Tower | 5 | 350 | / | 250 |
| Altar of Kings | 1 | 180 | / | 50 |
| Farm | 10 | 800 | / | 200 |
| Barracks | 1 | 160 | / | 60 |
| Lumber Mill | 2 | 240 | / | 0 |
| Blacksmith | 1 | 140 | / | 60 |
| Town Hall | 1 | 385 | / | 205 |
| Arcane Vault | 1 | 130 | / | 30 |
| Workshop | 1 | 140 | / | 140 |
| Arcane Sanctum | 1 | 150 | / | 140 |
| Keep | 1 | 320 | / | 210 |
| Castle | 1 | 360 | / | 210 |
| total: | 25 | 2505g | / | 1005w |
| 0:02 | Peasant |
| 0:14 | Altar of Kings |
| 0:23 | Peasant |
| 0:25 | Farm |
| 0:33 | Barracks |
| 0:36 | Peasant |
| 0:48 | Peasant |
| 1:08 | Farm |
| 1:11 | Peasant |
| 1:24 | Peasant |
| 1:36 | Peasant |
| 1:41 | Footman |
| 1:57 | Peasant |
| 1:59 | Footman |
| 2:04 | Farm |
| 2:08 | Scout Tower |
| 2:23 | Holy Light |
| 2:23 | Footman |
| 2:35 | Arcane Tower |
| 2:48 | Scout Tower |
| 2:53 | Lumber Mill |
| 3:16 | Blacksmith |
| 3:54 | Guard Tower |
| 4:07 | Scout Tower |
| 4:20 | Peasant |
| 4:31 | Rifleman |
| 4:33 | Black Gunpowder |
| 4:34 | Guard Tower |
| 4:42 | Farm |
| 4:47 | Farm |
| 5:32 | Rifleman |
| 5:33 | Rifleman |
| 5:43 | Keep |
| 6:55 | Rifleman |
| 6:58 | Studded Leather Armor |
| 7:18 | Town Hall |
| 7:32 | Devotion Aura |
| 7:48 | Farm |
| 7:48 | Farm |
| 8:04 | Scout Tower |
| 8:05 | Scout Tower |
| 8:07 | Scout Tower |
| 8:24 | Workshop |
| 8:31 | Long Rifles |
| 8:32 | Rifleman |
| 8:32 | Rifleman |
| 8:34 | Refined Gunpowder |
| 9:21 | Castle |
| 9:36 | Improved Lumber Harvesting |
| 9:41 | Guard Tower |
| 10:43 | Divine Shield |
| 10:58 | Rifleman |
| 10:58 | Rifleman |
| 10:59 | Reinforced Leather Armor |
| 12:05 | Siege Engine |
| 12:06 | Siege Engine |
| 12:09 | Rifleman |
| 12:10 | Rifleman |
| 12:13 | Peasant |
| 12:13 | Peasant |
| 12:14 | Peasant |
| 12:18 | Rifleman |
| 13:14 | Guard Tower |
| 13:16 | Guard Tower |
| 13:18 | Siege Engine |
| 13:21 | Rifleman |
| 13:21 | Rifleman |
| 13:55 | Barrage |
| 13:56 | Siege Engine |
| 14:18 | Siege Engine |
| 14:20 | Rifleman |
| 14:20 | Rifleman |
| 14:22 | Farm |
| 14:23 | Farm |
| 14:23 | Farm |
| 14:51 | Arcane Vault |
| 14:56 | Advanced Lumber Harvesting |
| 15:40 | Siege Engine |
| 15:42 | Rifleman |
| 15:42 | Rifleman |
| 16:05 | Rifleman |
| 16:06 | Siege Engine |
| 16:30 | Rifleman |
| 16:31 | Rifleman |
| 16:35 | Lumber Mill |
| 17:38 | Siege Engine |
| 17:41 | Scroll of Regeneration |
| 17:41 | Lesser Clarity Potion |
| 17:44 | Potion of Mana |
| 18:08 | Rifleman |
| 18:08 | Rifleman |
| 18:09 | Rifleman |
| 18:16 | Peasant |
| 18:41 | Fragmentation Shards |
| 18:43 | Mortar Team |
| 18:44 | Mortar Team |
| 19:28 | Rifleman |
| 19:29 | Rifleman |
| 21:33 | Rifleman |
| 21:33 | Rifleman |
| 21:33 | Rifleman |
| 21:42 | Mortar Team |
| 21:42 | Mortar Team |
| 21:42 | Mortar Team |
| 22:02 | Arcane Sanctum |
| 22:12 | Rifleman |
| 22:24 | Imbued Gunpowder |
| 22:56 | Rifleman |
| 23:12 | Mortar Team |
| 23:54 | Rifleman |
| 23:54 | Rifleman |
| 23:55 | Rifleman |
| 23:58 | Priest |
| 23:58 | Priest |
| 23:59 | Sorceress |
| 23:59 | Sorceress |
| 24:09 | Lesser Clarity Potion |
| 24:09 | Scroll of Regeneration |
| 24:14 | Scroll of Town Portal |
| 24:19 | Potion of Healing |
| 24:37 | Priest Adept Training |
| 24:39 | Priest |
| 25:44 | Rifleman |
| 25:44 | Rifleman |
| Right click | 1093 |
| Select | 486 |
| Chat | 155 |
| Misc. action | 137 |
| Assign group | 133 |
| Select group | 126 |
| Build/train/purchase | 125 |
| Use ability | 25 |
| Resource trade | 15 |
| Minimap ping | 12 |
| Remove unit | 4 |
| Item give/drop | 1 |
| Esc | 1 |


| Wisp | 45 | 2700 | / | 0 |
| Druid of the Claw | 9 | 2295 | / | 720 |
| Dryad | 10 | 1450 | / | 600 |
| Chimaera | 4 | 1320 | / | 280 |
| Shaman | 1 | 130 | / | 20 |
| total: | 69 | 7895g | / | 1620w |
| Ancient Protector | 3 | 405 | / | 240 |
| Altar of Elders | 1 | 180 | / | 50 |
| Moon Well | 7 | 1260 | / | 280 |
| Ancient of War | 8 | 1200 | / | 480 |
| Hunter's Hall | 1 | 210 | / | 100 |
| Tree of Life | 2 | 680 | / | 370 |
| Ancient of Lore | 2 | 310 | / | 290 |
| Chimaera Roost | 2 | 280 | / | 380 |
| Tree of Ages | 1 | 320 | / | 180 |
| Tree of Eternity | 1 | 330 | / | 200 |
| total: | 26 | 4525g | / | 2190w |
| 0:03 | Wisp |
| 0:04 | Wisp |
| 0:04 | Wisp |
| 0:14 | Altar of Elders |
| 0:24 | Moon Well |
| 0:27 | Wisp |
| 0:51 | Wisp |
| 0:52 | Wisp |
| 1:01 | Wisp |
| 1:32 | Wisp |
| 1:33 | Wisp |
| 1:48 | Wisp |
| 1:49 | Wisp |
| 2:04 | Wisp |
| 2:08 | Ancient of War |
| 2:26 | Wisp |
| 2:32 | Force of Nature |
| 3:09 | Tree of Ages |
| 4:27 | Thorns Aura |
| 4:38 | Ancient of War |
| 4:40 | Ancient of War |
| 4:46 | Ancient of War |
| 4:51 | Ancient of War |
| 5:07 | Ancient of War |
| 5:12 | Ancient of War |
| 5:17 | Ancient of War |
| 5:37 | Nature's Blessing |
| 7:01 | Wisp |
| 7:01 | Wisp |
| 7:02 | Wisp |
| 7:02 | Wisp |
| 7:02 | Wisp |
| 7:02 | Wisp |
| 7:50 | Wisp |
| 7:50 | Wisp |
| 7:50 | Wisp |
| 7:53 | Moon Well |
| 8:01 | Wisp |
| 8:01 | Wisp |
| 8:39 | Moon Well |
| 8:49 | Hunter's Hall |
| 9:42 | Wisp |
| 9:42 | Wisp |
| 9:42 | Wisp |
| 9:51 | Ancient Protector |
| 9:53 | Ancient Protector |
| 12:04 | Wisp |
| 12:04 | Wisp |
| 12:04 | Wisp |
| 12:04 | Wisp |
| 12:15 | Ancient of Lore |
| 12:22 | Ancient of Lore |
| 12:23 | Wisp |
| 12:23 | Wisp |
| 12:23 | Wisp |
| 13:27 | Druid of the Claw |
| 13:32 | Strength of the Wild |
| 13:37 | Moon Well |
| 13:39 | Dryad |
| 14:08 | Dryad |
| 14:09 | Druid of the Claw |
| 14:36 | Druid of the Claw Adept Training |
| 14:38 | Abolish Magic |
| 14:46 | Wisp |
| 14:46 | Wisp |
| 14:51 | Moon Well |
| 15:04 | Dryad |
| 15:04 | Druid of the Claw |
| 15:07 | Druid of the Claw |
| 15:10 | Improved Strength of the Wild |
| 15:53 | Thorns Aura |
| 16:03 | Dryad |
| 16:04 | Druid of the Claw |
| 16:08 | Moon Well |
| 16:09 | Reinforced Hides |
| 17:28 | Druid of the Claw |
| 17:36 | Tree of Eternity |
| 17:37 | Dryad |
| 18:10 | Dryad |
| 18:14 | Moon Well |
| 18:40 | Pocket Factory |
| 19:24 | Ancient Protector |
| 19:27 | Dryad |
| 21:11 | Druid of the Claw Master Training |
| 21:11 | Druid of the Claw |
| 21:31 | Advanced Strength of the Wild |
| 21:35 | Chimaera Roost |
| 21:58 | Entangling Roots |
| 22:03 | Mark of the Claw |
| 22:04 | Druid of the Claw |
| 22:10 | Wisp |
| 22:11 | Wisp |
| 22:11 | Wisp |
| 22:48 | Dryad |
| 22:49 | Dryad |
| 23:14 | Tree of Life |
| 23:40 | Druid of the Claw |
| 23:44 | Chimaera |
| 23:47 | Chimaera Roost |
| 23:51 | Dryad |
| 26:09 | Tree of Life |
| 26:36 | Corrosive Breath |
| 28:39 | Wisp |
| 28:47 | Shaman |
| 29:33 | Wisp |
| 29:34 | Wisp |
| 30:05 | Wisp |
| 30:10 | Chimaera |
| 30:18 | Wisp |
| 30:35 | Wisp |
| 30:43 | Chimaera |
| 31:10 | Chimaera |
| Right click | 700 |
| Select | 489 |
| Build/train/purchase | 134 |
| Chat | 43 |
| Use ability | 40 |
| Misc. action | 30 |
| Assign group | 22 |
| Resource trade | 22 |
| Minimap ping | 7 |

| Healing Salve | 2 | 200 |
| Potion of Healing | 1 | 150 |
| Boots of Speed | 1 | 250 |
| total: | 4 | 600g |
| Peon | 8 | 600 | / | 0 |
| Troll Headhunter | 11 | 1540 | / | 220 |
| Shaman | 23 | 2990 | / | 460 |
| Troll Berserker | 25 | 3500 | / | 500 |
| Demolisher | 1 | 220 | / | 50 |
| total: | 68 | 8850g | / | 1230w |
| Watch Tower | 8 | 880 | / | 640 |
| Altar of Storms | 1 | 180 | / | 50 |
| Orc Burrow | 6 | 960 | / | 240 |
| War Mill | 1 | 205 | / | 0 |
| Barracks | 1 | 180 | / | 50 |
| Voodoo Lounge | 1 | 130 | / | 30 |
| Great Hall | 2 | 770 | / | 370 |
| Spirit Lodge | 2 | 300 | / | 300 |
| Stronghold | 2 | 630 | / | 380 |
| Fortress | 1 | 325 | / | 190 |
| total: | 22 | 3605g | / | 1680w |
| 0:12 | Peon |
| 0:12 | Peon |
| 0:24 | Altar of Storms |
| 0:29 | Orc Burrow |
| 0:31 | Peon |
| 0:31 | Peon |
| 1:00 | War Mill |
| 1:20 | Peon |
| 1:51 | Barracks |
| 1:54 | Peon |
| 1:59 | Orc Burrow |
| 2:11 | Peon |
| 2:29 | Peon |
| 2:44 | Voodoo Lounge |
| 2:47 | Critical Strike |
| 2:53 | Troll Headhunter |
| 2:53 | Troll Headhunter |
| 3:01 | Steel Ranged Weapons |
| 3:23 | Troll Headhunter |
| 3:41 | Troll Headhunter |
| 3:49 | Orc Burrow |
| 4:00 | Troll Headhunter |
| 4:23 | Troll Headhunter |
| 4:44 | Stronghold |
| 5:25 | Healing Salve |
| 5:32 | Troll Headhunter |
| 5:34 | Steel Armor |
| 5:48 | Orc Burrow |
| 6:23 | Troll Headhunter |
| 6:23 | Troll Headhunter |
| 6:55 | Critical Strike |
| 6:56 | Wind Walk |
| 7:02 | Boots of Speed |
| 7:40 | Fortress |
| 7:42 | Troll Regeneration |
| 7:42 | Troll Headhunter |
| 7:47 | Spirit Lodge |
| 7:56 | Spirit Lodge |
| 8:25 | Thorium Ranged Weapons |
| 8:25 | Thorium Armor |
| 8:40 | Orc Burrow |
| 9:55 | Troll Headhunter |
| 10:03 | Shaman Adept Training |
| 10:05 | Shaman |
| 10:05 | Shaman |
| 10:08 | Berserker Upgrade |
| 11:20 | Mirror Image |
| 11:44 | Troll Berserker |
| 11:44 | Troll Berserker |
| 11:46 | Shaman Master Training |
| 11:47 | Shaman |
| 11:47 | Shaman |
| 12:40 | Critical Strike |
| 13:07 | Troll Berserker |
| 13:07 | Troll Berserker |
| 13:08 | Shaman |
| 13:08 | Shaman |
| 13:09 | Shaman |
| 13:09 | Shaman |
| 13:11 | Troll Berserker |
| 13:11 | Troll Berserker |
| 13:14 | Arcanite Ranged Weapons |
| 13:28 | Potion of Healing |
| 13:31 | Healing Salve |
| 14:36 | Troll Berserker |
| 14:37 | Troll Berserker |
| 14:39 | Shaman |
| 14:46 | Orc Burrow |
| 16:25 | Troll Berserker |
| 16:26 | Troll Berserker |
| 16:26 | Troll Berserker |
| 16:29 | Shaman |
| 16:29 | Shaman |
| 17:14 | Arcanite Armor |
| 17:31 | Troll Berserker |
| 17:31 | Troll Berserker |
| 17:32 | Shaman |
| 17:33 | Shaman |
| 17:53 | Troll Berserker |
| 18:00 | Watch Tower |
| 18:28 | Troll Berserker |
| 18:31 | Shaman |
| 19:16 | Troll Berserker |
| 19:16 | Troll Berserker |
| 19:18 | Shaman |
| 19:19 | Shaman |
| 19:36 | Demolisher |
| 21:14 | Troll Berserker |
| 21:14 | Troll Berserker |
| 21:17 | Shaman |
| 21:17 | Shaman |
| 21:59 | Witch Doctor Adept Training |
| 22:30 | Shaman |
| 22:30 | Shaman |
| 22:30 | Shaman |
| 22:33 | Troll Berserker |
| 22:33 | Troll Berserker |
| 22:46 | Great Hall |
| 23:20 | Troll Berserker |
| 23:20 | Troll Berserker |
| 23:23 | Witch Doctor Master Training |
| 24:22 | Great Hall |
| 24:24 | Troll Berserker |
| 24:24 | Troll Berserker |
| 24:27 | Shaman |
| 24:27 | Shaman |
| 26:08 | Watch Tower |
| 26:09 | Watch Tower |
| 26:10 | Watch Tower |
| 26:14 | Watch Tower |
| 26:15 | Watch Tower |
| 27:54 | Watch Tower |
| 27:58 | Watch Tower |
| Right click | 1234 |
| Select | 290 |
| Build/train/purchase | 135 |
| Select group | 125 |
| Assign group | 29 |
| Use ability | 21 |
| Minimap ping | 16 |
| Resource trade | 5 |
| Remove unit | 2 |
⇛